 Dungeon Crawl Stone Soup version 0.29-a0-344-ge2f44be95a (webtiles) character file.

Game seed: 15159446113485875715

850 croobank the Chopper (level 8, -3/54 HPs)
             Began as an Octopode Fighter on Apr 21, 2022.
             Was an Initiate of Gozag.
             Slain by a sky beast (5 damage)
             ... on level 5 of the Dungeon.
             The game lasted 00:16:18 (6910 turns).

croobank the Chopper (Octopode Fighter)             Turns: 6910, Time: 00:16:35

Health: -3/54      AC:  1    Str: 18    XL:     8   Next: 1%
Magic:  8/8        EV: 14    Int: 10    God:    Gozag
Gold:   362        SH:  5    Dex: 11    Spells: 7/7 levels left

rFire   . . .      SeeInvis .   B - +3 war axe (flame)
rCold   . . .      Faith    .   f - +0 buckler
rNeg    . . .      Spirit   .   (helmet restricted)
rPois   .          Reflect  .   (no amulet)
rElec   .          Harm     .   (no ring)
rCorr   .          Rampage  .   (no ring)
Will    .....                   (no ring)
Stlth   ++........              (no ring)
HPRegen 0.18/turn               (no ring)
MPRegen 0.11/turn               (no ring)
                                (no ring)
                                (no ring)

@: no status effects
A: almost no armour, amphibious, 8 rings, camouflage 1, gelatinous body 1,
(nimble swimmer 1), tentacles
a: Renounce Religion, Potion Petition, Call Merchant, Bribe Branch


You were on level 5 of the Dungeon.
You worshipped Gozag.
Gozag was aware of your devotion.
You visited 2 branches of the dungeon, and saw 6 of its levels.

You collected 410 gold pieces.
You paid 48 gold pieces to Gozag.

Inventory:

Hand Weapons
 a - a +0 war axe of draining
 b - a +3 hunting sling
 d - the +8 broad axe of Xeycuix {venom, Int+7}
   (You acquired it on level 3 of the Dungeon)

   It poisons the flesh of those it strikes.
   Int:       It affects your intelligence (+7).
 r - a +2 flail of protection
 y - a +1 great mace of protection
 A - a +2 spear of venom
 B - a +3 war axe of flaming (weapon)
Missiles
 c - 3 boomerangs
 e - 7 poisoned darts
 m - 119 stones (quivered)
Armour
 f - a +0 buckler (worn)
Wands
 q - a wand of polymorph (2)
 s - a wand of flame (17)
 v - a wand of mindburst (8)
Scrolls
 h - a scroll of teleportation
 o - 2 scrolls of fog
 p - a scroll of amnesia
 t - a scroll of immolation
 w - a scroll of identify
 z - a scroll of noise {unknown}
Potions
 g - a potion of brilliance {unknown}
 i - 2 potions of mutation
 j - 2 potions of flight
 k - a potion of invisibility
 l - 2 potions of curing
 n - a potion of lignification
 u - 2 potions of heal wounds
 x - a potion of magic {unknown}


   Skills:
 + Level 4.8 Fighting
 * Level 5.2 Axes
 - Level 2.2 Slings
 + Level 4.9 Dodging
 + Level 4.8 Shields


You had 7 spell levels left.
You didn't know any spells.
Your spell library contained the following spells:

 Spells                   Type           Power      Damage    Failure   Level
 Animate Skeleton         Necr           0%         N/A       43%         1
 Apportation              Tloc           0%         N/A       43%         1
 Summon Small Mammal      Summ           0%         N/A       43%         1
 Alistair's Intoxication  Tmut/Pois      0%         N/A       100%        5


Dungeon Overview and Level Annotations

Branches:
Dungeon (5/15)             Temple (1/1) D:4

Altars:
Cheibriados
Dithmenos
Elyvilon
Gozag
Hepliaklqana
Kikubaaqudgha
Makhleb
Nemelex Xobeh
Okawaru
Qazlal
Ru
Sif Muna
Uskayaw
Vehumet
Wu Jian
Yredelemnul
Zin

Annotations:
D:3 2 runed translucent doors, spaghetti's ghost, amateur OpFi


Innate Abilities, Weirdness & Mutations

You cannot wear most types of armour.
You are amphibious.
You can wear up to eight rings at the same time.
Your skin changes colour to match your surroundings (Stealth+).
Your rubbery body absorbs attacks. (AC +1, EV +1)
((You are camouflaged when in or above water. (Stealth+)))
You have tentacles for arms and can constrict up to eight enemies at once.


Message History

The sky beast barely misses you.
There is a stone staircase leading up here.
You hit the sky beast. You burn the sky beast.
The sky beast is moderately wounded.
The sky beast hits you. The sky beast shocks you.
You closely miss the sky beast.
The sky beast is moderately wounded.
You block the sky beast's attack. The sky beast hits you.
The sky beast shocks you.
You slash the sky beast! You burn the sky beast.
The sky beast is severely wounded.
The sky beast flickers out of sight!
Deactivating autopickup; reactivate with Ctrl-A.
Something hits you. Something shocks you.
No target in view!
You closely miss something.
A sky beast appears from thin air!
Reactivating autopickup.
The sky beast hits you. The sky beast shocks you.
You hit the sky beast but do no damage.
The sky beast is severely wounded.
You block the sky beast's attack.
You closely miss the sky beast.
The sky beast is severely wounded.
The sky beast closely misses you.
The sky beast flickers out of sight!
Deactivating autopickup; reactivate with Ctrl-A.
Something hits you. Something shocks you.
You miss something. Something hits you. Something shocks you.
* * * LOW HITPOINT WARNING * * *
You barely miss something.
A sky beast appears from thin air!
Reactivating autopickup.
The sky beast barely misses you.
You slash the sky beast! You burn the sky beast.
The sky beast is almost dead.
The sky beast hits you.
* * * LOW HITPOINT WARNING * * *
The sky beast shocks you.
* * * LOW HITPOINT WARNING * * *
The sky beast hits you.
You die...
Your body crumbles into a pile of gold.

#.#.......##.##....#.#...
#....##...#.#...####.....
####################..#..
#....##......#.........
#............#.........
#.)..#......#......#..
#........).######.#..
#.##.......#### #....
#..Y@.........#######
#..........##..# #
#...)........#.## #
#...............## #
#.....$....#..#..# #
####.###......##.####
...#####........#.
#.........###......
#...#..##......


You could see a sky beast.

Vanquished Creatures
  An ice beast (D:5)
  A phantom (D:4)
  A gnoll sergeant (D:5)
  2 scorpions
  A howler monkey (D:4)
  2 jellies (D:5)
  3 iguanas
  An orc wizard (D:4)
  9 adders
  10 gnolls
  A shadow imp (D:5)
  2 dart slugs
  4 worms
  14 orcs
  5 bats
  6 endoplasms
  3 giant cockroaches
  14 goblins
  6 hobgoblins
  5 jackals
  10 kobolds
  4 quokkas
  7 ball pythons
  3 frilled lizards (D:2)
  3 rats
118 creatures vanquished.

Notes
Turn   | Place    | Note
-------+----------+-------------------------------------------
     0 | D:1      | croobank the Octopode Fighter began the quest for the Orb.
     0 | D:1      | Reached XP level 1. HP: 16/16 MP: 1/1
   131 | D:1      | Found a faded altar of an unknown god.
   204 | D:1      | Reached XP level 2. HP: 13/21 MP: 2/2
   934 | D:2      | Reached skill level 1 in Slings
   934 | D:2      | Reached XP level 3. HP: 21/26 MP: 3/3
  1366 | D:2      | Reached XP level 4. HP: 26/31 MP: 4/4
  1610 | D:2      | Found a snail-covered altar of Cheibriados.
  2085 | D:3      | Noticed a scorpion
  2482 | D:3      | Noticed Robin
  2489 | D:2      | Reached XP level 5. HP: 3/36 MP: 5/5
  2761 | D:3      | Noticed Robin
  2761 | D:3      | Robin changed into Robin the adder
  2768 | D:2      | Killed Robin the adder
  2784 | D:2      | Reached skill level 3 in Axes
  3391 | D:3      | Reached XP level 6. HP: 42/43 MP: 6/6
  3603 | D:3      | Identified a scroll of acquirement
  3603 | D:3      | Acquired the +8 broad axe of Xeycuix {venom, Int+7}
  3689 | D:3      | Found a runed translucent door.
  3696 | D:3      | Noticed spaghetti's ghost (amateur OpFi)
  3825 | D:3      | Found a runed translucent door.
  4521 | D:4      | Found a staircase to the Ecumenical Temple.
  4536 | Temple   | Entered the Ecumenical Temple
  4870 | Temple   | Became a worshipper of Gozag Ym Sagoz the Greedy
  4943 | D:4      | Reached skill level 4 in Axes
  4944 | D:4      | Reached XP level 7. HP: 43/48 MP: 7/7
  5348 | D:5      | Entered Level 5 of the Dungeon
  6520 | D:5      | Reached skill level 5 in Axes
  6723 | D:5      | Reached XP level 8. HP: 48/54 MP: 8/8
  6910 | D:5      | HP: 2/54 [sky beast (6)]
  6910 | D:5      | Slain by a sky beast

Illustrated notes

Levels and vault maps discovered:
D:1:      minmay_arrival_doors, layout_loops_cross,
          dreamdust_ecumenical_altar_grove
D:2:      layout_basic, basic_altar
D:3:      layout_rooms, ebering_ghost_sewer_f, uniq_robin
D:4:      layout_basic, minmay_temple_entry_mist
D:5:      layout_rooms, minmay_misc_feat_rugged, minmay_misc_feat_five
Temple:   mainiacjoe_temple_trianglar_array

Skill      XL: |  1  2  3  4  5  6  7 |
---------------+----------------------+-----
Slings         | 1 2 |  2.2
Axes           | 3 4 5 |  5.2
Dodging        | 4 |  4.9
Fighting       | 4 |  4.8
Shields        | 4 |  4.8

Action                   |  1- 3 |  4- 6 |  7- 9 || total
-------------------------+-------+-------+-------++-------
Melee: War axe           |    37 |    99 |    60 ||   196
       Constrict         |     9 |    26 |    12 ||    47
       Tentacles         |     9 |    14 |     9 ||    32
       Punch             |       |       |     1 ||     1
 Fire: Hunting sling     |       |     8 |       ||     8
Evoke: Wand              |       |     1 |     2 ||     3
  Use: Scroll            |       |    11 |     3 ||    14
       Potion            |       |     2 |     1 ||     3
 Stab: Sleeping          |     5 |     4 |     2 ||    11
Armor: Skin              |     6 |     5 |     3 ||    14
Dodge: Dodged            |    21 |   100 |    30 ||   151
Block: Buckler           |    10 |    28 |    13 ||    51

Table legend: (Time is in decaauts)
 A = Elapsed time spent in this place.
 B = Non-inter-level travel time spent in this place.
 C = Inter-level travel time spent in this place.
 D = Time resting spent in this place.
 E = Time spent auto-exploring this place.
 F = Levels seen in this place.
 G = Mean time per level.
                   A        B        C        D        E       F      G
               +--------+--------+--------+--------+--------+-----+--------+
         Total |   6996 |   6825 |    171 |   2152 |   3616 |   6 | 1166.0 |
       Dungeon |   6637 |   6497 |    140 |   2152 |   3305 |   5 | 1327.4 |
        Temple |    359 |    328 |     31 |      0 |    311 |   1 |  359.0 |
               +--------+--------+--------+--------+--------+-----+--------+

Top non-repeatable levels by time:
     D:2: 2303 daAuts
     D:3: 1205 daAuts
     D:4: 1151 daAuts
     D:5: 1106 daAuts
     D:1: 871 daAuts
  Temple: 359 daAuts
